Senateurs vs Flyers
Created - April 14, 2022 at 19:07
Goals
|
Senateurs |
1 |
1 |
0 |
2 |
Flyers |
0 |
2 |
2 |
4 |
|
Shots
|
Senateurs |
4 |
11 |
14 |
29 |
Flyers |
5 |
11 |
10 |
26 |
|
1st period
1. Senateurs , Sidney Crosby 29 (Reilly Smith 25, Sean Bergenheim 16) at 11:00
Penalties :
Chris Mcallister (Phi) for Hooking (Minor) at 2:14, Jacob Trouba (Phi) for Hooking (Minor) at 5:10, Jeff Carter (Phi) for Interference (Minor) at 8:37, Jacob Trouba (Phi) for Hooking (Minor) at 11:03
2nd period
2. Senateurs , Erik Haula 7 (Eric Gelinas 19, Max Pacioretty 23) at 7:32 (PP)
3. Flyers , Jordan Nolan 16 (Nathan Beaulieu 14) at 10:28
4. Flyers , Jordan Nolan 17 (Jacob Trouba 14, Jeff Woywitka 22) at 16:48
Penalties :
Matthew Lombardi (Phi) for Hooking (Minor) at 1:06, Nathan Beaulieu (Phi) for Charging (Minor) at 4:47, Matt Smaby (Phi) for High sticking (Minor) at 6:28
3rd period
5. Flyers , Jakub Voracek 27 (Jordan Nolan 38, Jeff Woywitka 23) at 3:25 (PP)
6. Flyers , Jeff Woywitka 7 (Jacob Trouba 15, Jordan Nolan 39) at 19:53 (Empty Net)
Penalties :
Max Pacioretty (Ott) for High sticking (Minor) at 3:10, Chris Mcallister (Phi) for Interference (Minor) at 4:44
Goalie Stats
Jonathan Bernier (Ott), 22 saves from 25 shots - (0.880), L, 13-10-2, 59:00 minutes
Steve Mason (Phi), 27 saves from 29 shots - (0.931), W, 19-7-0, 60:00 minutes
Players Stats for Senateurs
Player Name G A P +/- PIM S H SB GA TA FO MP PP MP PK MP
------------------------------------------------------------------------------------
Brandon Burlon 0 0 0 0 0 1 1 0 0 0 0/0 10:06 0:00 0:00
Cody Franson 0 0 0 -3 0 1 1 3 1 0 0/0 21:01 5:28 0:00
Eric Gelinas 0 1 1 1 0 2 2 1 1 1 0/0 28:53 9:11 0:15
Eric Wellwood 0 0 0 0 0 2 1 0 1 0 0/0 7:46 0:00 0:00
Erik Haula 1 0 1 0 0 1 1 0 0 0 6/17 18:08 6:28 0:00
Jason Pominville 0 0 0 0 0 3 2 0 0 1 0/0 18:08 6:28 0:00
Loui Eriksson 0 0 0 0 0 0 1 0 1 0 0/0 10:22 0:00 0:00
Max Friberg 0 0 0 0 0 0 1 0 0 0 0/0 7:46 0:00 0:00
Max Pacioretty 0 1 1 0 2 3 1 0 2 1 1/2 18:07 6:28 0:00
Mike Green 0 0 0 1 0 1 0 2 0 0 0/0 28:53 9:11 0:15
Reilly Smith 0 1 1 -2 0 4 0 0 1 0 2/2 23:29 8:11 0:00
Rostislav Olesz 0 0 0 0 0 0 1 0 1 0 0/0 10:22 0:00 0:00
Ryan Getzlaf 0 0 0 0 0 1 1 0 0 0 1/1 7:46 0:00 0:00
Sean Bergenheim 0 1 1 -2 0 2 3 0 1 0 2/5 23:44 8:11 0:15
Sidney Crosby 1 0 1 -2 0 5 4 0 0 0 15/34 23:44 8:11 0:15
Taylor Chorney 0 0 0 -3 0 1 0 2 0 0 0/0 21:01 5:28 0:00
Tim Connolly 0 0 0 0 0 2 2 0 0 1 1/1 10:22 0:00 0:00
Wes O'Neill 0 0 0 0 0 0 2 0 0 0 0/0 10:06 0:00 0:00
Players Stats for Flyers
Player Name G A P +/- PIM S H SB GA TA FO MP PP MP PK MP
------------------------------------------------------------------------------------
Brian Lashoff 0 0 0 -1 0 0 0 3 0 0 0/0 14:12 0:00 3:18
Brock Nelson 0 0 0 0 0 1 0 0 0 0 0/0 8:07 0:00 1:07
Chris Mcallister 0 0 0 0 4 2 1 0 0 0 1/1 11:39 0:00 1:09
Drew Miller 0 0 0 -1 0 2 1 0 0 0 0/0 12:07 0:00 0:00
J.T. Miller 0 0 0 3 0 2 1 0 0 0 8/14 23:37 0:15 8:27
Jacob Trouba 0 2 2 3 4 1 2 0 1 3 0/0 26:36 0:15 5:46
Jakub Voracek 1 0 1 3 0 2 3 0 0 0 0/1 20:40 0:15 5:09
Jeff Carter 0 0 0 -1 2 0 1 1 0 0 8/19 17:46 0:00 5:03
Jeff Woywitka 1 2 3 3 0 2 2 3 0 2 0/0 28:59 0:15 8:07
Jonathan Ericsson 0 0 0 -1 0 0 0 0 0 0 0/0 10:17 0:00 0:00
Jordan Nolan 2 2 4 3 0 4 3 0 2 2 15/23 23:43 0:15 7:51
Marcus Kruger 0 0 0 0 0 2 0 0 0 0 0/0 9:53 0:00 0:00
Matt Smaby 0 0 0 0 2 0 2 1 1 0 0/0 20:11 0:00 5:59
Matthew Lombardi 0 0 0 0 2 1 0 1 0 0 0/0 7:47 0:00 0:11
Nathan Beaulieu 0 1 1 0 2 0 1 1 0 2 0/0 20:21 0:00 6:10
Niclas Bergfors 0 0 0 -1 0 1 2 0 0 0 0/0 12:07 0:00 0:00
Travis Zajac 0 0 0 0 0 6 2 0 0 0 2/4 9:53 0:00 0:00
Tyler Randell 0 0 0 0 0 0 0 0 0 0 0/0 7:00 0:00 0:00
3 Stars
1 - Jordan Nolan (Phi)
2 - Jeff Woywitka (Phi)
3 - Jakub Voracek (Phi)
Power Play
Senateurs - 1 on 8 Attempt(s) - 12.50%
Flyers - 1 on 1 Attempt(s) - 100.00%
Penalty Kill
Senateurs - 0 on 1 Attempt(s) - 0.00%
- Score 0 goal in Penalty Kill
Flyers - 7 on 8 Attempt(s) - 87.50%
- Score 0 goal in Penalty Kill
Team Stat
Senateurs - Hits : 24 - Faceoff Wins : 28 - Blocked Shots : 8 - Penalty Minutes : 2
Flyers - Hits : 21 - Faceoff Wins : 34 - Blocked Shots : 10 - Penalty Minutes : 16
Official
Referees : Graham Skilliter and Furman South
Linesman : Devin Berg and Travis Toomey
Game Notes
Jeff Woywitka has scored in a empty net!
Finance
Level 1 -- Attendance: 4067 (67.78%) -- Ticket Income $508,375
Level 2 -- Attendance: 3290 (65.80%) -- Ticket Income $246,750
Level 3 -- Attendance: 1130 (56.50%) -- Ticket Income $56,500
Level 4 -- Attendance: 2261 (56.53%) -- Ticket Income $90,440
Luxury Box -- Attendance: 698 (69.80%) -- Ticket Income $174,500
Game was played at the Wells Fargo Center.
Total Attendance: 11446 (63.59%)
Total Ticket Income: $1,076,565
Other Income: $161,485
Total Income: $1,238,050
Senateurs
5 vs 5 Forward
Center Left Wing Right Wing Time % Phy DF OF
1 Sidney Crosby Sean Bergenheim Reilly Smith 40 1 1 3
2 Erik Haula Max Pacioretty Jason Pominville 30 1 1 3
3 Tim Connolly Rostislav Olesz Loui Eriksson 20 1 2 2
4 Ryan Getzlaf Eric Wellwood Max Friberg 10 1 2 2
5 vs 5 Defense
Defense Defense Time % Phy DF OF
1 Eric Gelinas Mike Green 40 1 2 2
2 Cody Franson Taylor Chorney 30 1 2 2
3 Wes O'Neill Brandon Burlon 20 1 2 2
4 Eric Gelinas Mike Green 10 1 2 2
PowerPlay Forward
Center Left Wing Right Wing Time % Phy DF OF
1 Sidney Crosby Sean Bergenheim Reilly Smith 60 1 2 2
2 Erik Haula Max Pacioretty Jason Pominville 40 1 2 2
PowerPlay Defense
Defense Defense Time % Phy DF OF
1 Eric Gelinas Mike Green 60 1 2 2
2 Cody Franson Taylor Chorney 40 1 2 2
Penalty Kill 4 Players Forward
Center Wing Time % Phy DF OF
1 Sidney Crosby Sean Bergenheim 60 1 2 2
2 Erik Haula Max Pacioretty 40 1 2 2
Penalty Kill 4 Players Defense
Defense Defense Time % Phy DF OF
1 Eric Gelinas Mike Green 60 1 2 2
2 Cody Franson Taylor Chorney 40 1 2 2
Penalty Kill - 3 Players Forward
Forward Time % Phy DF OF
1 Sidney Crosby 60 1 2 2
2 Erik Haula 40 1 2 2
Penalty Kill - 3 Players Defense
Defense Defense Time % Phy DF OF
1 Eric Gelinas Mike Green 60 1 2 2
2 Cody Franson Taylor Chorney 40 1 2 2
4 vs 4 Forward
Center Wing Time % Phy DF OF
1 Sidney Crosby Sean Bergenheim 60 1 2 2
2 Erik Haula Max Pacioretty 40 1 2 2
4 vs 4 Defense
Defense Defense Time % Phy DF OF
1 Eric Gelinas Mike Green 60 1 2 2
2 Cody Franson Taylor Chorney 40 1 2 2
Last Minutes Offensive
Center Left Wing Right Wing Defense Defense
Sidney Crosby Sean Bergenheim Reilly Smith Eric Gelinas Mike Green
Last Minutes Defensive
Center Left Wing Right Wing Defense Defense
Sidney Crosby Sean Bergenheim Reilly Smith Eric Gelinas Mike Green
Goaltenders
Starting : Jonathan Bernier
Backup : Brian Elliott
Extra Forwards
Normal : Erik Haula, Loui Eriksson, Rostislav Olesz - PP : Erik Haula, Loui Eriksson - PK : Erik Haula
Extra Defensemen
Normal : Taylor Chorney, Wes O'Neill, Brandon Burlon - PP : Taylor Chorney - PK : Taylor Chorney, Wes O'Neill
Penalty Shots
Sidney Crosby, Sean Bergenheim, Reilly Smith, Max Pacioretty, Erik Haula
Scratches
Sergei Kostitsyn (Healthy), T.J. Fast (Healthy)
Flyers
5 vs 5 Forward
Center Left Wing Right Wing Time % Phy DF OF
1 Jordan Nolan J.T. Miller Jakub Voracek 40 1 2 2
2 Jeff Carter Drew Miller Niclas Bergfors 30 1 2 2
3 Travis Zajac Chris Mcallister Marcus Kruger 20 1 2 2
4 Matthew Lombardi Brock Nelson Tyler Randell 10 1 2 2
5 vs 5 Defense
Defense Defense Time % Phy DF OF
1 Jacob Trouba Jeff Woywitka 40 1 2 2
2 Matt Smaby Nathan Beaulieu 30 1 2 2
3 Jonathan Ericsson Brian Lashoff 20 1 2 2
4 Jacob Trouba Jeff Woywitka 10 1 2 2
PowerPlay Forward
Center Left Wing Right Wing Time % Phy DF OF
1 Jordan Nolan J.T. Miller Jakub Voracek 60 1 2 2
2 Jeff Carter Drew Miller Niclas Bergfors 40 1 2 2
PowerPlay Defense
Defense Defense Time % Phy DF OF
1 Jacob Trouba Jeff Woywitka 60 1 2 2
2 Matt Smaby Nathan Beaulieu 40 1 2 2
Penalty Kill 4 Players Forward
Center Wing Time % Phy DF OF
1 J.T. Miller Jordan Nolan 60 1 2 2
2 Jeff Carter Jakub Voracek 40 1 2 2
Penalty Kill 4 Players Defense
Defense Defense Time % Phy DF OF
1 Jacob Trouba Jeff Woywitka 60 1 2 2
2 Matt Smaby Nathan Beaulieu 40 1 2 2
Penalty Kill - 3 Players Forward
Forward Time % Phy DF OF
1 J.T. Miller 60 1 2 2
2 Jordan Nolan 40 1 2 2
Penalty Kill - 3 Players Defense
Defense Defense Time % Phy DF OF
1 Jacob Trouba Jeff Woywitka 60 1 2 2
2 Matt Smaby Nathan Beaulieu 40 1 2 2
4 vs 4 Forward
Center Wing Time % Phy DF OF
1 J.T. Miller Jordan Nolan 60 1 2 2
2 Jeff Carter Jakub Voracek 40 1 2 2
4 vs 4 Defense
Defense Defense Time % Phy DF OF
1 Jacob Trouba Jeff Woywitka 60 1 2 2
2 Matt Smaby Nathan Beaulieu 40 1 2 2
Last Minutes Offensive
Center Left Wing Right Wing Defense Defense
Jordan Nolan J.T. Miller Jakub Voracek Jacob Trouba Jeff Woywitka
Last Minutes Defensive
Center Left Wing Right Wing Defense Defense
Jordan Nolan J.T. Miller Jakub Voracek Jacob Trouba Jeff Woywitka
Goaltenders
Starting : Steve Mason
Backup : Ilya Sorokin
Extra Forwards
Normal : Travis Zajac, Marcus Kruger, Chris Mcallister - PP : Travis Zajac, Marcus Kruger - PK : Chris Mcallister
Extra Defensemen
Normal : Jonathan Ericsson, Brian Lashoff, Matt Smaby - PP : Jonathan Ericsson - PK : Brian Lashoff, Matt Smaby
Penalty Shots
J.T. Miller, Jordan Nolan, Jeff Carter, Jakub Voracek, Drew Miller
Scratches
Dylan Olsen (Healthy), Tomas Kubalik (Healthy)
% Time on Ice - Senateurs
Lines # - Real PCT - Wanted PCT - Time Play
Normal Forward
1 - 33% - 40% - 14:23
2 - 26% - 30% - 11:40
3 - 23% - 20% - 10:22
4 - 18% - 10% - 7:46
Normal Defense
1 - 42% - 40% - 18:24
2 - 33% - 30% - 14:38
3 - 23% - 20% - 10:06
4 - 2% - 10% - 1:03
PP Forward
1 - 56% - 60% - 8:11
2 - 44% - 40% - 6:28
PP Defense
1 - 63% - 60% - 9:11
2 - 37% - 40% - 5:28
PK Forward
1 - 100% - 60% - 0:15
2 - 0% - 40% - 0:00
PK Defense
1 - 100% - 60% - 0:15
2 - 0% - 40% - 0:00
PK3 Forward
1 - 0% - 60%
2 - 0% - 40%
PK3 Defense
1 - 0% - 60%
2 - 0% - 40%
44 Forward
1 - 0% - 60%
2 - 0% - 40%
44 Defense
1 - 0% - 60%
2 - 0% - 40%
Last Minute Offensive - 0:55
Last Minute Defensive - 0:00
Total
Forward - 60:00
Defense - 60:00
|
% Time on Ice - Flyers
Lines # - Real PCT - Wanted PCT - Time Play
Normal Forward
1 - 33% - 40% - 14:43
2 - 29% - 30% - 12:44
3 - 22% - 20% - 9:47
4 - 16% - 10% - 7:00
Normal Defense
1 - 40% - 40% - 17:44
2 - 32% - 30% - 14:12
3 - 22% - 20% - 9:56
4 - 5% - 10% - 2:22
PP Forward
1 - 100% - 60% - 0:15
2 - 0% - 40% - 0:00
PP Defense
1 - 100% - 60% - 0:15
2 - 0% - 40% - 0:00
PK Forward
1 - 64% - 60% - 9:12
2 - 36% - 40% - 5:09
PK Defense
1 - 54% - 60% - 7:49
2 - 46% - 40% - 6:32
PK3 Forward
1 - 100% - 60% - 0:18
2 - 0% - 40% - 0:00
PK3 Defense
1 - 100% - 60% - 0:18
2 - 0% - 40% - 0:00
44 Forward
1 - 0% - 60%
2 - 0% - 40%
44 Defense
1 - 0% - 60%
2 - 0% - 40%
Last Minute Offensive - 0:00
Last Minute Defensive - 0:52
Total
Forward - 60:00
Defense - 60:00
|
Play-by-Play
1st period
0:01 of 1st period - Jordan Nolan wins face-off versus Sidney Crosby in neutral zone.
0:04 of 1st period - Mike Green is hit by Jacob Trouba and loses puck.
0:09 of 1st period - Snap shot by Jakub Voracek.
0:09 of 1st period - Deflect By Jordan Nolan.
0:09 of 1st period - Stopped by Jonathan Bernier without a rebound.
0:10 of 1st period - Jordan Nolan wins face-off versus Sidney Crosby in Senateurs zone.
0:33 of 1st period - Jeff Woywitka is hit by Sidney Crosby and loses puck.
1:10 of 1st period - Wrist shot by Jakub Voracek.
1:10 of 1st period - Deflect By J.T. Miller.
1:10 of 1st period - Shot Blocked by Mike Green.
1:10 of 1st period - Puck is out of play.
1:11 of 1st period - Jeff Carter wins face-off versus Erik Haula in Senateurs zone.
2:14 of 1st period - Minor Penalty to Chris Mcallister for Hooking.
2:15 of 1st period - J.T. Miller wins face-off versus Sean Bergenheim in Flyers zone.
4:14 of 1st period - Penalty to Chris Mcallister is over, Chris Mcallister is back on ice.
4:20 of 1st period - Cody Franson is hit by Matt Smaby and loses puck.
4:47 of 1st period - Slapshot by Jordan Nolan.
4:47 of 1st period - Stopped by Jonathan Bernier without a rebound.
4:48 of 1st period - Ryan Getzlaf wins face-off versus Jeff Carter in Senateurs zone.
4:48 of 1st period - Ryan Getzlaf is hit by Niclas Bergfors.
5:10 of 1st period - Minor Penalty to Jacob Trouba for Hooking.
5:11 of 1st period - Jordan Nolan wins face-off versus Sidney Crosby in Flyers zone.
6:08 of 1st period - Snap shot by Erik Haula.
6:08 of 1st period - Shot Misses the Net.
6:10 of 1st period - Slapshot by Erik Haula.
6:10 of 1st period - Shot Misses the Net.
6:12 of 1st period - Slapshot by Eric Gelinas.
6:12 of 1st period - Stopped by Steve Mason without a rebound.
6:13 of 1st period - Sidney Crosby wins face-off versus Jeff Carter in Flyers zone.
6:26 of 1st period - Wrist shot by Sidney Crosby.
6:26 of 1st period - Shot Blocked by Jeff Carter.
7:10 of 1st period - Penalty to Jacob Trouba is over, Jacob Trouba is back on ice.
7:32 of 1st period - Slapshot by Eric Wellwood.
7:32 of 1st period - Shot Misses the Net.
8:37 of 1st period - Minor Penalty to Jeff Carter for Interference.
8:38 of 1st period - Sidney Crosby wins face-off versus J.T. Miller in Flyers zone.
8:42 of 1st period - Snap shot by Reilly Smith.
8:42 of 1st period - Shot Blocked by Jeff Woywitka.
8:44 of 1st period - Slapshot by Mike Green.
8:44 of 1st period - Shot Misses the Net.
8:46 of 1st period - Wrist shot by Eric Gelinas.
8:46 of 1st period - Stopped by Steve Mason without a rebound.
8:47 of 1st period - Sidney Crosby wins face-off versus J.T. Miller in Flyers zone.
9:39 of 1st period - Slapshot by Sidney Crosby.
9:39 of 1st period - Shot Misses the Net.
9:41 of 1st period - Backhand shot by Reilly Smith.
9:41 of 1st period - Stopped by Steve Mason without a rebound.
9:42 of 1st period - Chris Mcallister wins face-off versus Erik Haula in Flyers zone.
9:42 of 1st period - Chris Mcallister is hit by Erik Haula.
10:08 of 1st period - J.T. Miller is hit by Max Pacioretty and loses puck.
10:37 of 1st period - Penalty to Jeff Carter is over, Jeff Carter is back on ice.
10:44 of 1st period - Off-side.
10:45 of 1st period - Sidney Crosby wins face-off versus Jeff Carter in neutral zone.
11:00 of 1st period - Backhand shot by Sidney Crosby.
11:00 of 1st period - Goal by Sidney Crosby - Senateurs : 1 - Flyers : 0.
11:01 of 1st period - Jordan Nolan wins face-off versus Sidney Crosby in neutral zone.
11:03 of 1st period - Minor Penalty to Jacob Trouba for Hooking.
11:04 of 1st period - Sidney Crosby wins face-off versus J.T. Miller in Flyers zone.
11:18 of 1st period - Wrist shot by Sidney Crosby.
11:18 of 1st period - Shot Blocked by Brian Lashoff.
11:20 of 1st period - Slapshot by Sean Bergenheim.
11:20 of 1st period - Shot Misses the Net.
11:35 of 1st period - Off-side.
11:36 of 1st period - Jeff Carter wins face-off versus Sidney Crosby in neutral zone.
12:09 of 1st period - Snap shot by Jason Pominville.
12:09 of 1st period - Shot Blocked by Matt Smaby.
12:35 of 1st period - Sean Bergenheim is hit by J.T. Miller and loses puck.
13:03 of 1st period - Penalty to Jacob Trouba is over, Jacob Trouba is back on ice.
13:16 of 1st period - Taylor Chorney is hit by Matt Smaby and loses puck.
13:23 of 1st period - Tim Connolly is hit by Travis Zajac and loses puck.
13:44 of 1st period - Snap shot by Brock Nelson.
13:44 of 1st period - Shot Misses the Net.
13:54 of 1st period - Brock Nelson is hit by Eric Wellwood and loses puck.
15:10 of 1st period - Slapshot by Travis Zajac.
15:10 of 1st period - Shot Misses the Net.
15:12 of 1st period - Slapshot by Jonathan Ericsson.
15:12 of 1st period - Shot Blocked by Cody Franson.
15:19 of 1st period - Icing by Taylor Chorney.
15:20 of 1st period - Jeff Carter wins face-off versus Sean Bergenheim in Senateurs zone.
15:21 of 1st period - Slapshot by Drew Miller.
15:21 of 1st period - Stopped by Jonathan Bernier without a rebound.
15:22 of 1st period - Sidney Crosby wins face-off versus Jeff Carter in Senateurs zone.
16:18 of 1st period - Wrist shot by Niclas Bergfors.
16:18 of 1st period - Shot Blocked by Eric Gelinas.
16:40 of 1st period - Slapshot by Jeff Carter.
16:40 of 1st period - Shot Misses the Net.
16:42 of 1st period - Slapshot by Drew Miller.
16:42 of 1st period - Stopped by Jonathan Bernier without a rebound.
16:43 of 1st period - Jordan Nolan wins face-off versus Erik Haula in Senateurs zone.
17:58 of 1st period - Jakub Voracek is hit by Jason Pominville.
18:15 of 1st period - Jordan Nolan is hit by Loui Eriksson.
18:25 of 1st period - Wrist shot by Travis Zajac.
18:25 of 1st period - Stopped by Jonathan Bernier with a rebound.
18:48 of 1st period - Jason Pominville is hit by Jeff Woywitka and loses puck.
19:01 of 1st period - Jonathan Ericsson is hit by Tim Connolly and loses puck.
19:12 of 1st period - Sidney Crosby is hit by Drew Miller and loses puck.
19:30 of 1st period - Jeff Woywitka is hit by Brandon Burlon.
19:51 of 1st period - Max Pacioretty is hit by Jordan Nolan and loses puck.
Goals for this period are 1 for Senateurs vs 0 for Flyers.
Shots for this period are 4 for Senateurs vs 5 for Flyers.
2nd period
0:01 of 2nd period - Sidney Crosby wins face-off versus Jordan Nolan in neutral zone.
0:08 of 2nd period - Snap shot by Sidney Crosby.
0:08 of 2nd period - Shot Blocked by Jeff Woywitka.
0:14 of 2nd period - Sidney Crosby is hit by Jakub Voracek and loses puck.
1:00 of 2nd period - Snap shot by Rostislav Olesz.
1:00 of 2nd period - Shot Misses the Net.
1:06 of 2nd period - Minor Penalty to Matthew Lombardi for Hooking.
1:07 of 2nd period - J.T. Miller wins face-off versus Sidney Crosby in Flyers zone.
1:20 of 2nd period - Slapshot by Reilly Smith.
1:20 of 2nd period - Stopped by Steve Mason without a rebound.
1:21 of 2nd period - J.T. Miller wins face-off versus Sidney Crosby in Flyers zone.
1:30 of 2nd period - Wrist shot by J.T. Miller.
1:30 of 2nd period - Shot Blocked by Mike Green.
2:20 of 2nd period - Slapshot by Jeff Carter.
2:20 of 2nd period - Shot Blocked by Taylor Chorney.
3:06 of 2nd period - Penalty to Matthew Lombardi is over, Matthew Lombardi is back on ice.
3:16 of 2nd period - Matt Smaby is hit by Rostislav Olesz and loses puck.
3:21 of 2nd period - Slapshot by Tim Connolly.
3:21 of 2nd period - Shot Misses the Net.
3:56 of 2nd period - Off-side.
3:57 of 2nd period - Erik Haula wins face-off versus Jeff Carter in neutral zone.
4:00 of 2nd period - Slapshot by Taylor Chorney.
4:00 of 2nd period - Stopped by Steve Mason without a rebound.
4:01 of 2nd period - Erik Haula wins face-off versus Jeff Carter in Flyers zone.
4:36 of 2nd period - Slapshot by Niclas Bergfors.
4:36 of 2nd period - Shot Misses the Net.
4:38 of 2nd period - Snap shot by Jeff Woywitka.
4:38 of 2nd period - Stopped by Jonathan Bernier without a rebound.
4:39 of 2nd period - Jordan Nolan wins face-off versus Sidney Crosby in Senateurs zone.
4:47 of 2nd period - Minor Penalty to Nathan Beaulieu for Charging.
4:48 of 2nd period - Sidney Crosby wins face-off versus J.T. Miller in Flyers zone.
4:54 of 2nd period - Snap shot by Reilly Smith.
4:54 of 2nd period - Stopped by Steve Mason without a rebound.
4:55 of 2nd period - Sidney Crosby wins face-off versus J.T. Miller in Flyers zone.
5:04 of 2nd period - Wrist shot by Reilly Smith.
5:04 of 2nd period - Shot Misses the Net.
5:33 of 2nd period - Slapshot by Mike Green.
5:33 of 2nd period - Stopped by Steve Mason with a rebound.
5:37 of 2nd period - Slapshot by Sean Bergenheim.
5:37 of 2nd period - Deflect By Sidney Crosby.
5:37 of 2nd period - Shot Misses the Net.
5:37 of 2nd period - Puck is out of play.
5:38 of 2nd period - J.T. Miller wins face-off versus Erik Haula in Flyers zone.
5:57 of 2nd period - Jason Pominville is hit by Jakub Voracek and loses puck.
6:28 of 2nd period - Minor Penalty to Matt Smaby for High sticking.
6:29 of 2nd period - J.T. Miller wins face-off versus Erik Haula in Flyers zone.
6:47 of 2nd period - Penalty to Nathan Beaulieu is over, Nathan Beaulieu is back on ice.
6:58 of 2nd period - Off-side.
6:59 of 2nd period - Reilly Smith wins face-off versus J.T. Miller in neutral zone.
7:13 of 2nd period - J.T. Miller is hit by Sean Bergenheim.
7:30 of 2nd period - Slapshot by Eric Gelinas.
7:30 of 2nd period - Shot Misses the Net.
7:32 of 2nd period - Snap shot by Erik Haula.
7:32 of 2nd period - Goal by Erik Haula - Senateurs : 2 - Flyers : 0.
7:33 of 2nd period - Sean Bergenheim wins face-off versus Jordan Nolan in neutral zone.
8:16 of 2nd period - Eric Gelinas is hit by Niclas Bergfors and loses puck.
8:23 of 2nd period - Snap shot by Jason Pominville.
8:23 of 2nd period - Deflect By Erik Haula.
8:23 of 2nd period - Shot Misses the Net.
8:23 of 2nd period - Puck is out of play.
8:24 of 2nd period - Travis Zajac wins face-off versus Sidney Crosby in Flyers zone.
8:39 of 2nd period - Wrist shot by Travis Zajac.
8:39 of 2nd period - Shot Blocked by Taylor Chorney.
8:41 of 2nd period - Slapshot by Matt Smaby.
8:41 of 2nd period - Deflect By Travis Zajac.
8:41 of 2nd period - Stopped by Jonathan Bernier with a rebound.
8:51 of 2nd period - Snap shot by Niclas Bergfors.
8:51 of 2nd period - Stopped by Jonathan Bernier without a rebound.
8:52 of 2nd period - Max Pacioretty wins face-off versus Jeff Carter in Senateurs zone.
9:20 of 2nd period - Mike Green is hit by Jakub Voracek and loses puck.
9:51 of 2nd period - Snap shot by Travis Zajac.
9:51 of 2nd period - Stopped by Jonathan Bernier without a rebound.
9:52 of 2nd period - Jeff Carter wins face-off versus Erik Haula in Senateurs zone.
9:55 of 2nd period - Snap shot by Drew Miller.
9:55 of 2nd period - Shot Misses the Net.
10:19 of 2nd period - Jordan Nolan is hit by Sidney Crosby and loses puck.
10:28 of 2nd period - Snap shot by Jordan Nolan.
10:28 of 2nd period - Goal by Jordan Nolan - Senateurs : 2 - Flyers : 1.
10:29 of 2nd period - Jordan Nolan wins face-off versus Sidney Crosby in neutral zone.
11:49 of 2nd period - Snap shot by Chris Mcallister.
11:49 of 2nd period - Stopped by Jonathan Bernier without a rebound.
11:50 of 2nd period - Jordan Nolan wins face-off versus Erik Haula in Senateurs zone.
12:17 of 2nd period - Brian Lashoff is hit by Sidney Crosby and loses puck.
12:28 of 2nd period - Snap shot by Reilly Smith.
12:28 of 2nd period - Shot Misses the Net.
12:30 of 2nd period - Slapshot by Brandon Burlon.
12:30 of 2nd period - Shot Blocked by Brian Lashoff.
12:50 of 2nd period - Backhand shot by Travis Zajac.
12:50 of 2nd period - Stopped by Jonathan Bernier without a rebound.
12:51 of 2nd period - Sidney Crosby wins face-off versus Jordan Nolan in Senateurs zone.
12:51 of 2nd period - Sidney Crosby is hit by Jordan Nolan.
12:59 of 2nd period - Wrist shot by Sean Bergenheim.
12:59 of 2nd period - Shot Misses the Net.
13:02 of 2nd period - Icing by J.T. Miller.
13:03 of 2nd period - J.T. Miller wins face-off versus Sidney Crosby in Flyers zone.
13:03 of 2nd period - J.T. Miller is hit by Sidney Crosby.
13:19 of 2nd period - Wrist shot by Sidney Crosby.
13:19 of 2nd period - Stopped by Steve Mason without a rebound.
13:20 of 2nd period - Erik Haula wins face-off versus Jeff Carter in Flyers zone.
13:21 of 2nd period - Slapshot by Max Pacioretty.
13:21 of 2nd period - Stopped by Steve Mason with a rebound.
14:47 of 2nd period - Snap shot by Tim Connolly.
14:47 of 2nd period - Stopped by Steve Mason without a rebound.
14:48 of 2nd period - Sidney Crosby wins face-off versus Jordan Nolan in Flyers zone.
14:51 of 2nd period - Snap shot by Sidney Crosby.
14:51 of 2nd period - Shot Blocked by Brian Lashoff.
14:53 of 2nd period - Snap shot by Reilly Smith.
14:53 of 2nd period - Deflect By Sean Bergenheim.
14:53 of 2nd period - Stopped by Steve Mason without a rebound.
14:54 of 2nd period - J.T. Miller wins face-off versus Sidney Crosby in Flyers zone.
15:34 of 2nd period - Slapshot by Cody Franson.
15:34 of 2nd period - Stopped by Steve Mason without a rebound.
15:35 of 2nd period - Jeff Carter wins face-off versus Erik Haula in Flyers zone.
16:02 of 2nd period - Rostislav Olesz is hit by Jeff Woywitka.
16:10 of 2nd period - Snap shot by Loui Eriksson.
16:10 of 2nd period - Shot Misses the Net.
16:44 of 2nd period - Slapshot by Jacob Trouba.
16:44 of 2nd period - Stopped by Jonathan Bernier with a rebound.
16:46 of 2nd period - Slapshot by Jacob Trouba.
16:46 of 2nd period - Shot Misses the Net.
16:48 of 2nd period - Slapshot by Jordan Nolan.
16:48 of 2nd period - Goal by Jordan Nolan - Senateurs : 2 - Flyers : 2.
16:49 of 2nd period - Jordan Nolan wins face-off versus Sidney Crosby in neutral zone.
16:53 of 2nd period - Off-side.
16:54 of 2nd period - Jordan Nolan wins face-off versus Sidney Crosby in neutral zone.
17:50 of 2nd period - Wrist shot by Travis Zajac.
17:50 of 2nd period - Stopped by Jonathan Bernier with a rebound.
18:26 of 2nd period - Snap shot by Reilly Smith.
18:26 of 2nd period - Deflect By Jordan Nolan.
18:26 of 2nd period - Shot Blocked by Nathan Beaulieu.
18:26 of 2nd period - Puck is out of play.
18:27 of 2nd period - Sidney Crosby wins face-off versus Jakub Voracek in Flyers zone.
18:58 of 2nd period - Wrist shot by Sidney Crosby.
18:58 of 2nd period - Stopped by Steve Mason without a rebound.
18:59 of 2nd period - Jeff Carter wins face-off versus Erik Haula in Flyers zone.
19:32 of 2nd period - Slapshot by Rostislav Olesz.
19:32 of 2nd period - Shot Misses the Net.
19:34 of 2nd period - Slapshot by Mike Green.
19:34 of 2nd period - Shot Misses the Net.
19:36 of 2nd period - Wrist shot by Rostislav Olesz.
19:36 of 2nd period - Shot Misses the Net.
19:56 of 2nd period - Wrist shot by J.T. Miller.
19:56 of 2nd period - Shot Misses the Net.
19:58 of 2nd period - Snap shot by Jakub Voracek.
19:58 of 2nd period - Stopped by Jonathan Bernier without a rebound.
19:59 of 2nd period - Jeff Carter wins face-off versus Erik Haula in Senateurs zone.
Goals for this period are 1 for Senateurs vs 2 for Flyers.
Shots for this period are 11 for Senateurs vs 11 for Flyers.
3rd period
0:01 of 3rd period - Sidney Crosby wins face-off versus Jordan Nolan in neutral zone.
0:11 of 3rd period - Slapshot by Jeff Woywitka.
0:11 of 3rd period - Shot Misses the Net.
0:13 of 3rd period - Slapshot by Jordan Nolan.
0:13 of 3rd period - Shot Misses the Net.
0:34 of 3rd period - Slapshot by Max Pacioretty.
0:34 of 3rd period - Stopped by Steve Mason with a rebound.
0:58 of 3rd period - Snap shot by Chris Mcallister.
0:58 of 3rd period - Stopped by Jonathan Bernier without a rebound.
0:59 of 3rd period - Sidney Crosby wins face-off versus Jordan Nolan in Senateurs zone.
0:59 of 3rd period - Sidney Crosby is hit by Jordan Nolan.
1:05 of 3rd period - Backhand shot by Taylor Chorney.
1:05 of 3rd period - Deflect By Reilly Smith.
1:05 of 3rd period - Stopped by Steve Mason with a rebound.
1:25 of 3rd period - Matt Smaby is hit by Cody Franson and loses puck.
2:10 of 3rd period - Ryan Getzlaf is hit by Jacob Trouba and loses puck.
2:19 of 3rd period - Jeff Woywitka is hit by Ryan Getzlaf and loses puck.
2:37 of 3rd period - Off-side.
2:38 of 3rd period - Sidney Crosby wins face-off versus Jeff Carter in neutral zone.
2:51 of 3rd period - Snap shot by Sidney Crosby.
2:51 of 3rd period - Stopped by Steve Mason with a rebound.
2:53 of 3rd period - Snap shot by Sean Bergenheim.
2:53 of 3rd period - Deflect By Sidney Crosby.
2:53 of 3rd period - Shot Misses the Net.
2:53 of 3rd period - Puck is out of play.
2:54 of 3rd period - Erik Haula wins face-off versus Jordan Nolan in Flyers zone.
3:10 of 3rd period - Minor Penalty to Max Pacioretty for High sticking.
3:11 of 3rd period - Jordan Nolan wins face-off versus Sidney Crosby in Senateurs zone.
3:25 of 3rd period - Wrist shot by Jakub Voracek.
3:25 of 3rd period - Goal by Jakub Voracek - Senateurs : 2 - Flyers : 3.
3:26 of 3rd period - Jordan Nolan wins face-off versus Sidney Crosby in neutral zone.
3:43 of 3rd period - Snap shot by J.T. Miller.
3:43 of 3rd period - Stopped by Jonathan Bernier without a rebound.
3:44 of 3rd period - Erik Haula wins face-off versus Jeff Carter in Senateurs zone.
4:44 of 3rd period - Minor Penalty to Chris Mcallister for Interference.
4:45 of 3rd period - J.T. Miller wins face-off versus Sidney Crosby in Flyers zone.
4:55 of 3rd period - Slapshot by Taylor Chorney.
4:55 of 3rd period - Deflect By Sean Bergenheim.
4:55 of 3rd period - Stopped by Steve Mason with a rebound.
6:13 of 3rd period - Mike Green is hit by Jeff Carter and loses puck.
6:44 of 3rd period - Penalty to Chris Mcallister is over, Chris Mcallister is back on ice.
8:10 of 3rd period - Brandon Burlon is hit by Nathan Beaulieu and loses puck.
8:47 of 3rd period - Travis Zajac is hit by Eric Gelinas and loses puck.
9:20 of 3rd period - Max Friberg is hit by Travis Zajac and loses puck.
9:51 of 3rd period - Wrist shot by Ryan Getzlaf.
9:51 of 3rd period - Shot Blocked by Matthew Lombardi.
10:11 of 3rd period - Nathan Beaulieu is hit by Eric Gelinas and loses puck.
10:18 of 3rd period - Wrist shot by Ryan Getzlaf.
10:18 of 3rd period - Shot Misses the Net.
10:34 of 3rd period - Snap shot by Eric Wellwood.
10:34 of 3rd period - Stopped by Steve Mason with a rebound.
10:38 of 3rd period - Snap shot by Max Friberg.
10:38 of 3rd period - Shot Misses the Net.
10:40 of 3rd period - Wrist shot by Ryan Getzlaf.
10:40 of 3rd period - Shot Misses the Net.
10:42 of 3rd period - Wrist shot by Mike Green.
10:42 of 3rd period - Deflect By Eric Wellwood.
10:42 of 3rd period - Stopped by Steve Mason without a rebound.
10:43 of 3rd period - Jordan Nolan wins face-off versus Sidney Crosby in Flyers zone.
10:52 of 3rd period - Snap shot by J.T. Miller.
10:52 of 3rd period - Stopped by Jonathan Bernier with a rebound.
11:15 of 3rd period - Icing by Erik Haula.
11:16 of 3rd period - Jeff Carter wins face-off versus Max Pacioretty in Senateurs zone.
11:27 of 3rd period - Snap shot by Jason Pominville.
11:27 of 3rd period - Shot Misses the Net.
11:41 of 3rd period - Snap shot by Jason Pominville.
11:41 of 3rd period - Stopped by Steve Mason without a rebound.
11:42 of 3rd period - Reilly Smith wins face-off versus Jordan Nolan in Flyers zone.
12:09 of 3rd period - Chris Mcallister is hit by Tim Connolly and loses puck.
12:42 of 3rd period - Snap shot by Matthew Lombardi.
12:42 of 3rd period - Stopped by Jonathan Bernier without a rebound.
12:43 of 3rd period - Jordan Nolan wins face-off versus Sean Bergenheim in Senateurs zone.
13:10 of 3rd period - Jacob Trouba is hit by Jason Pominville.
13:34 of 3rd period - Slapshot by Matthew Lombardi.
13:34 of 3rd period - Shot Misses the Net.
14:02 of 3rd period - Snap shot by Marcus Kruger.
14:02 of 3rd period - Stopped by Jonathan Bernier without a rebound.
14:03 of 3rd period - Jordan Nolan wins face-off versus Sidney Crosby in Senateurs zone.
14:42 of 3rd period - Wrist shot by Ryan Getzlaf.
14:42 of 3rd period - Stopped by Steve Mason without a rebound.
14:43 of 3rd period - Erik Haula wins face-off versus Jeff Carter in Flyers zone.
15:10 of 3rd period - Travis Zajac is hit by Sean Bergenheim.
15:14 of 3rd period - Wrist shot by Chris Mcallister.
15:14 of 3rd period - Shot Misses the Net.
15:26 of 3rd period - Marcus Kruger is hit by Wes O'Neill and loses puck.
15:45 of 3rd period - Snap shot by Brock Nelson.
15:45 of 3rd period - Stopped by Jonathan Bernier with a rebound.
16:02 of 3rd period - Snap shot by Jason Pominville.
16:02 of 3rd period - Stopped by Steve Mason with a rebound.
16:04 of 3rd period - Wrist shot by Max Pacioretty.
16:04 of 3rd period - Stopped by Steve Mason with a rebound.
16:16 of 3rd period - Snap shot by Jeff Carter.
16:16 of 3rd period - Shot Misses the Net.
16:18 of 3rd period - Snap shot by Jacob Trouba.
16:18 of 3rd period - Shot Blocked by Cody Franson.
16:24 of 3rd period - Slapshot by Drew Miller.
16:24 of 3rd period - Shot Misses the Net.
16:38 of 3rd period - Jordan Nolan is hit by Sean Bergenheim and loses puck.
16:43 of 3rd period - Snap shot by Sidney Crosby.
16:43 of 3rd period - Stopped by Steve Mason with a rebound.
16:59 of 3rd period - Wrist shot by Chris Mcallister.
16:59 of 3rd period - Deflect By Travis Zajac.
16:59 of 3rd period - Stopped by Jonathan Bernier without a rebound.
17:00 of 3rd period - Travis Zajac wins face-off versus Erik Haula in Senateurs zone.
17:09 of 3rd period - Slapshot by Brandon Burlon.
17:09 of 3rd period - Stopped by Steve Mason with a rebound.
17:11 of 3rd period - Wrist shot by Jason Pominville.
17:11 of 3rd period - Stopped by Steve Mason without a rebound.
17:12 of 3rd period - Tim Connolly wins face-off versus Travis Zajac in Flyers zone.
17:17 of 3rd period - Snap shot by Loui Eriksson.
17:17 of 3rd period - Shot Blocked by Jeff Woywitka.
17:31 of 3rd period - Rostislav Olesz is hit by Chris Mcallister.
18:23 of 3rd period - Jacob Trouba is hit by Max Friberg and loses puck.
18:44 of 3rd period - Wrist shot by Marcus Kruger.
18:44 of 3rd period - Stopped by Jonathan Bernier with a rebound.
18:50 of 3rd period - Marcus Kruger is hit by Wes O'Neill and loses puck.
18:53 of 3rd period - Senateurs, Jonathan Bernier is pulled from the net.
18:55 of 3rd period - Snap shot by Loui Eriksson.
18:55 of 3rd period - Deflect By Tim Connolly.
18:55 of 3rd period - Stopped by Steve Mason with a rebound.
19:49 of 3rd period - Backhand shot by Jordan Nolan.
19:49 of 3rd period - Shot Misses the Net.
19:51 of 3rd period - Slapshot by Jacob Trouba.
19:51 of 3rd period - Shot Blocked by Cody Franson.
19:53 of 3rd period - Slapshot by Jeff Woywitka.
19:53 of 3rd period - Goal by Jeff Woywitka - Senateurs : 2 - Flyers : 4.
19:53 of 3rd period - Jonathan Bernier from Senateurs was sent back in the game.
19:54 of 3rd period - Sean Bergenheim wins face-off versus Travis Zajac in neutral zone.
Goals for this period are 0 for Senateurs vs 2 for Flyers.
Shots for this period are 14 for Senateurs vs 10 for Flyers.